 Dungeon Crawl Stone Soup version 0.17-a0-1763-g847a857 (webtiles) character file.

257 kosy22 the Skirmisher (level 6, -4/57 HPs)
             Began as a Naga Berserker on Sept 4, 2015.
             Was a Believer of Trog.
             Killed from afar by Blork the orc (14 damage)
             ... with a puff of flame
             ... on level 5 of the Dungeon.
             The game lasted 00:14:46 (4327 turns).

kosy22 the Skirmisher (Naga Berserker)              Turns: 4327, Time: 00:14:46

Health: -4/57      AC:  6    Str: 21    XL:     6   Next: 16%
Magic:  6/6        EV:  8    Int:  8    God:    Trog [**....]
Gold:   251        SH:  0    Dex: 10    Spells: 0 memorised, 5 levels left

rFire  . . .     SeeInvis +     k - +2 spear (venom)
rCold  . . .     Clarity  .     f - +1 scale mail
rNeg   . . .     SustAt   .     d - +3 buckler
rPois  +         Gourm    .     (no helmet)
rElec  .         Spirit   .     (no cloak)
rCorr  .         Warding  .     (no gloves)
rMut   .         Stasis   .     (no barding)
MR     .....                    (no amulet)
Stlth  ..........               (no ring)
                                j - ring of see invisible

@: confused, very slow, not resistant to hostile enchantments, extremely
unstealthy
A: see invisible, deformed body, poison resistance, slowness 2, slow metabolism
1, spit poison 2, AC +2
a: Spit Poison, Burn Spellbooks, Berserk, Trog's Hand, Renounce Religion


You were on level 5 of the Dungeon.
You worshipped Trog.
Trog was pleased with you.
You were not hungry.

You visited 1 branch of the dungeon, and saw 5 of its levels.

You collected 251 gold pieces.

Inventory:

Hand weapons
 a - a +0 hand axe
 k - a +2 spear of venom (weapon)
 q - a +0 war axe
Missiles
 g - a throwing net (quivered)
Armour
 b - a +0 animal skin
 d - a +3 buckler (worn)
 f - a +1 scale mail (worn)
Jewellery
 j - a ring of see invisible (left hand)
 v - an uncursed ring of teleportation
Magical devices
 p - a wand of frost (23)
 r - a wand of magic darts (8)
 s - a wand of fire (7)
Scrolls
 h - 2 scrolls of recharging
 i - 2 scrolls of teleportation
Potions
 m - a potion of might
 n - 2 potions of curing
 o - 2 potions of flight
 t - a potion of berserk rage {unknown}
 u - a potion of resistance {unknown}
Comestibles
 c - 2 bread rations
 l - a meat ration


   Skills:
 + Level 4.1 Fighting
 + Level 3.4 Axes
 + Level 0.4(2.1) Polearms
 + Level 0.1 Throwing
 + Level 3.1 Armour
 + Level 2.9 Dodging
 + Level 0.4 Stealth
 + Level 1.0 Shields


You had 5 spell levels left.
You didn't know any spells.

Dungeon Overview and Level Annotations

Branches:
Dungeon (5/15)
 Temple: D:4-7

Altars:
Vehumet
Xom

Annotations:
D:5 Blork the orc


Innate Abilities, Weirdness & Mutations

You cannot wear boots.
Your serpentine skin is tough (AC +2).
You have supernaturally acute eyesight.
Armour fits poorly on your strangely shaped body.
Your system is resistant to poisons.
You cover ground very slowly.
You have a slow metabolism.
You can spit poison.


Message History

You're too confused!
You're too confused!
You bump into the rock wall.
Blork the orc points at you and mumbles some strange words.
The magic dart hits you!
* * * LOW HITPOINT WARNING * * *
Blork the orc zaps a wand.
You are more confused.
You bump into the rock wall.
Blork the orc zaps a wand.
You easily resist.
You barely miss Blork the orc.
Blork the orc is severely wounded.
Blork the orc casts a spell at you. The magic dart hits you!
* * * LOW HITPOINT WARNING * * *
Blork the orc zaps a wand.
You easily resist.
You barely miss Blork the orc.
Blork the orc is almost dead.
Blork the orc casts a spell at you. The puff of flame hits you!
You die...

##..## #
###..##
##...##
##....#
#....## #....#
#...## #....#
#@...## ####
#o....# #..##
#.......#
#...##
#........#
###..#
#........#
#...
..........#
##..
...........#
#..
.............
##.
.####.........
#.


You could see Blork the orc.

Vanquished Creatures
  A scorpion (D:5)
  A vampire bat (D:3)
  A hound (D:5)
  A worker ant (D:3)
  4 adders (D:3)
  An ooze (D:3)
  2 worms
  4 giant geckos
  An orc (D:3)
  2 ball pythons
  13 bats
  5 giant cockroaches
  4 goblins
  3 hobgoblins
  A quokka (D:4)
  A giant gecko skeleton (D:4)
  A giant newt (D:3)
  5 jackals
  6 kobolds
  8 rats
65 creatures vanquished.

Notes
Turn   | Place    | Note
--------------------------------------------------------------
     0 | D:1      | kosy22 the Naga Berserker began the quest for the Orb.
     0 | D:1      | Reached XP level 1. HP: 21/21 MP: 1/1
   462 | D:1      | Reached XP level 2. HP: 4/28 MP: 2/2
  1426 | D:2      | Acquired Trog's second power
  1426 | D:2      | Reached XP level 3. HP: 30/34 MP: 3/3
  2291 | D:3      | Reached XP level 4. HP: 43/43 MP: 4/4
  2947 | D:3      | Reached XP level 5. HP: 45/50 MP: 5/5
  3591 | D:4      | Found a shimmering altar of Xom.
  3608 | D:4      | Found a radiant altar of Vehumet.
  3611 | D:4      | Reached skill level 4 in Fighting
  3959 | D:5      | Entered Level 5 of the Dungeon
  3966 | D:5      | Reached skill level 1 in Shields
  3966 | D:5      | Reached XP level 6. HP: 50/57 MP: 6/6
  4306 | D:5      | Noticed Blork the orc
  4327 | D:5      | Killed from afar by Blork the orc

Vault maps used:
D:1:      saegor_arrival_simple_c
D:2:      first_bread
D:3:      roderic_batcave, kennysheep_generic_room_3
D:4:      old_standard_altar, vehumet_altar_wand_db
D:5:      uniq_blork_the_orc

Action                   |  1- 3 |  4- 6 || total
-------------------------+-------+-------++-------
Melee: Hand axe          |    54 |     7 ||    61
       Spear             |    40 |   143 ||   183
Throw: Throwing net      |       |     3 ||     3
Invok: Berserk           |     1 |     1 ||     2
       Trog's Hand       |       |     1 ||     1
 Abil: Spit Poison       |       |     1 ||     1
  Use: Scroll            |     9 |     4 ||    13
       Potion            |     1 |     3 ||     4
  Eat: Bread ration      |     1 |     1 ||     2
       Meat ration       |       |     1 ||     1
